 Dungeon Crawl Stone Soup version 0.20.0-1-g1cb1d84 (webtiles) character file.

3801 HungrySpirit the Basher (level 10, -4/66 HPs)
             Began as a Gargoyle Fighter on May 26, 2017.
             Was an Elder of Okawaru.
             Slain by an orc warrior
             ... wielding a +0 glaive
              (15 damage)
             ... in a bailey.
             The game lasted 00:11:51 (7846 turns).

HungrySpirit the Basher (Gargoyle Fighter)          Turns: 7846, Time: 00:11:51

Health: -4/66      AC: 22    Str: 22    XL:     10   Next: 17%
Magic:  10/10      EV:  6    Int: 14    God:    Okawaru [****..]
Gold:   489        SH:  0    Dex: 10    Spells: 9/9 levels left

rFire    + . .     SeeInvis .   e - +3 dire flail (venom)
rCold    + . .     Gourm    .   (shield currently unavailable)
rNeg     + . .     Faith    .   u - +0 plate armour
rPois    ∞         Spirit   .   (helmet restricted)
rElec    +         Reflect  .   y - +0 cloak
rCorr    +         Harm     .   (no gloves)
MR       .....                  i - +0 pair of boots
Stlth    ..........             (no amulet)
Regen    0.3/turn               (no ring)
MPRegen  0.2/turn               (no ring)

@: brilliant, resistant, berserk cooldown, slowed, very slow
A: horns 1, talons 1, molten scales 1, deterioration 1, negative energy
resistance 1, electricity resistance, unbreathing, petrification resistance, rot
immunity, AC +7
a: Heroism, Renounce Religion


You were in a bailey.
You worshipped Okawaru.
Okawaru was greatly pleased with you.
You were not hungry.

You visited 2 branches of the dungeon, and saw 9 of its levels.
You also visited: Bailey.

You collected 489 gold pieces.

Inventory:

Hand Weapons
 a - a +0 flail
 e - a +3 dire flail of venom (weapon)
 v - a +1 mace of crushing
Armour
 c - a +0 shield
 i - a +0 pair of boots (worn)
 u - a +0 plate armour (worn)
 y - a +0 cloak (worn)
Wands
 d - a wand of random effects (26/48)
 q - a wand of polymorph (11/24)
 B - a wand of lightning (3/15)
 D - a wand of random effects (14/48)
Scrolls
 b - a scroll of fear {unknown}
 h - 9 scrolls of identify {unknown}
 k - a scroll of amnesia {unknown}
 n - 4 scrolls of fog
 o - 2 scrolls of enchant weapon
 t - 2 scrolls of teleportation
 z - 3 scrolls of remove curse {unknown}
 E - a scroll of torment {unknown}
Potions
 j - 2 potions of mutation
 m - 3 potions of curing
 r - a potion of brilliance
 A - a potion of ambrosia
Comestibles
 f - 2 bread rations
 g - 4 meat rations


   Skills:
 + Level 9.6 Fighting
 * Level 11.7 Maces & Flails
 - Level 3.2 Armour
 - Level 3.2 Shields


You had 9 spell levels left.
You didn't know any spells.

Dungeon Overview and Level Annotations

Branches:
Dungeon (8/15)             Temple (1/1) D:4
   Lair: D:8-11

Altars:
Ashenzari
Dithmenos
Elyvilon
Fedhas
Gozag
Hepliaklqana
Kikubaaqudgha
Makhleb
Nemelex Xobeh
Okawaru
Qazlal
Ru
Sif Muna
Trog
Uskayaw
Vehumet
Yredelemnul

Shops:
D:4 (%


Innate Abilities, Weirdness & Mutations

You are resistant to torment.
Your stone body is resilient. (AC +7)
You are immune to poison.
You resist negative energy. (rN+)
You are resistant to electric shocks. (rElec)
You can survive without breathing.
You are immune to petrification.
You are immune to rotting.
You have a pair of small horns on your head.
You have sharp toenails.
You are partially covered in molten scales. (AC +2)
Your body sometimes deteriorates upon taking damage.


Message History

The orc hits you but does no damage.
Okay, then.
As you read the scroll labeled HAUNKU DYCY, it crumbles to dust.
You hear a loud clanging noise!
It was a scroll of noise.
The orc completely misses you.
The orc warrior hits you from afar with a glaive.
* * * LOW HITPOINT WARNING * * *
As you read the scroll labeled TAG OPTATONECO, it crumbles to dust.
You feel a strange sense of stasis.
It was a scroll of teleportation.
The orc hits you but does no damage. The orc warrior completely misses you.
The orc barely misses you.
As you read the scroll labeled VESOHE HEMAI, it crumbles to dust.
You feel aware of your surroundings.
You sensed 1 shop/portal.
It was a scroll of magic mapping.
You feel less wooden.
Your +0 cloak unmelds from your body.
Your +0 pair of boots unmelds from your body.
Your +0 plate armour unmelds from your body.
The orc warrior hits you from afar with a glaive!
You die...

*###*** ############
****....,** ##....))..∩.##
,,*,.o...,######....))).....#
,,+,oo....#...o#.....)))....#
,,+,oo..o.'...o§§§...).)...∩#
,,+,.oo...#....#@...........#
,,*,.....,######§§§.........#
****....,** ##........∩.##
*###*** ############


You could see an orc warrior and an orc.

Vanquished Creatures
  A two-headed ogre (D:7)
  A hungry ghost (D:7)
  Menkaure (D:5)
  2 ice beasts
  4 orc warriors
  3 phantoms (D:7)
  2 ogres (D:7)
  2 centaurs
  A big kobold (D:7)
  A gnoll sergeant (D:6)
  7 scorpions
  3 killer bees (D:7)
  4 wights (D:6)
  2 bullfrog zombies
  A crimson imp (D:5)
  A jelly (D:7)
  Crazy Yiuf (D:3)
  A bullfrog skeleton (D:5)
  4 hounds
  2 orc priests
  2 centaur skeletons
  4 orc wizards
  A worker ant (D:6)
  11 gnolls
  A howler monkey skeleton (D:5)
  14 adders
  An ooze (D:4)
  An adder skeleton (D:5)
  4 worms
  A dart slug (D:2)
  7 leopard geckos
  42 orcs
  2 ball pythons
  7 bats
  4 giant cockroaches
  7 goblins
  4 hobgoblins
  9 jackals
  6 quokkas
  6 frilled lizards
  9 kobolds
  A leopard gecko skeleton (D:5)
  A quokka skeleton (D:7)
  A quokka zombie (D:5)
  4 rats
194 creatures vanquished.

Notes
Turn   | Place    | Note
-------+----------+-------------------------------------------
     0 | D:1      | HungrySpirit the Gargoyle Fighter began the quest for the Orb.
     0 | D:1      | Reached XP level 1. HP: 14/14 MP: 1/1
   232 | D:1      | Reached XP level 2. HP: 19/19 MP: 2/2
   791 | D:1      | Reached skill level 3 in Maces & Flails
   846 | D:2      | Reached XP level 3. HP: 24/24 MP: 3/3
  1038 | D:2      | Reached XP level 4. HP: 29/29 MP: 4/4
  1165 | D:2      | Reached skill level 4 in Maces & Flails
  1565 | D:3      | Reached XP level 5. HP: 33/34 MP: 5/5
  1604 | D:3      | Found a sparkling altar of Nemelex Xobeh.
  1654 | D:2      | Found a hazy altar of Hepliaklqana.
  1738 | D:3      | Found a runed door.
  1785 | D:3      | Noticed Crazy Yiuf
  2034 | D:3      | Killed Crazy Yiuf
  2127 | D:3      | Found a deep blue altar of Sif Muna.
  2127 | D:3      | Found a sacrificial altar of Ru.
  2186 | D:3      | Reached skill level 5 in Maces & Flails
  2188 | D:3      | Reached XP level 6. HP: 38/40 MP: 6/6
  2684 | D:4      | Reached skill level 5 in Fighting
  2808 | D:4      | Found Tush's Food Emporium.
  2962 | D:4      | Noticed an ice beast
  2988 | D:4      | HP: 2/40 [ice beast (10)]
  2992 | D:4      | Killed an ice beast
  2992 | D:4      | Reached skill level 6 in Maces & Flails
  2992 | D:4      | Reached XP level 7. HP: 3/44 MP: 7/7
  3394 | D:4      | Found a staircase to the Ecumenical Temple.
  3433 | Temple   | Entered the Ecumenical Temple
  3463 | Temple   | Became a worshipper of Warmaster Okawaru
  3608 | D:4      | Found Fitwill's Weapon Boutique.
  4196 | D:5      | Entered Level 5 of the Dungeon
  4315 | D:5      | Reached skill level 7 in Maces & Flails
  4525 | D:5      | Reached XP level 8. HP: 51/51 MP: 8/8
  4782 | D:5      | Reached * piety under Okawaru
  4847 | D:5      | Reached skill level 8 in Maces & Flails
  4855 | D:5      | Noticed Menkaure
  4866 | D:5      | Killed Menkaure
  5567 | D:6      | Gained mutation: You are partially covered in molten scales. (AC +2) [potion of mutation]
  5567 | D:6      | Gained mutation: Your body sometimes deteriorates upon taking damage. [potion of mutation]
  5567 | D:6      | Gained mutation: You have sharp toenails. [potion of mutation]
  5567 | D:6      | Gained mutation: You have a pair of small horns on your head. [potion of mutation]
  5578 | D:6      | Reached ** piety under Okawaru
  5578 | D:6      | Reached skill level 9 in Maces & Flails
  5693 | D:6      | Found a white marble altar of Elyvilon.
  6068 | D:6      | Reached XP level 9. HP: 45/57 MP: 5/9
  6518 | D:7      | Reached skill level 10 in Maces & Flails
  6736 | D:7      | Reached *** piety under Okawaru
  7246 | D:7      | Noticed a two-headed ogre
  7269 | D:7      | Killed a two-headed ogre
  7269 | D:7      | Reached **** piety under Okawaru
  7269 | D:7      | Reached skill level 11 in Maces & Flails
  7269 | D:7      | Reached XP level 10. HP: 28/66 MP: 7/10
  7639 | D:8      | Received a gift from Okawaru
  7640 | D:8      | Found a flagged portal.
  7651 | Bailey   | Entered a bailey
  7846 | Bailey   | Slain by an orc warrior

Skill      XL: |  1  2  3  4  5  6  7  8  9 |
---------------+----------------------------+-----
Maces & Flails | 3 4 5 6 7 9 11 | 11.7
Fighting       | 4 5 6 7 9 |  9.6
Armour         | |  3.2
Shields        | |  3.2

Action                   |  1- 3 |  4- 6 |  7- 9 | 10-12 || total
-------------------------+-------+-------+-------+-------++-------
Melee: Flail             |   105 |   155 |       |       ||   260
       Mace              |       |   127 |   342 |    25 ||   494
       Headbutt          |       |       |    30 |     8 ||    38
       Dire flail        |       |       |       |    57 ||    57
Invok: Heroism           |       |       |     1 |     1 ||     2
Evoke: Wand              |       |       |     6 |       ||     6
  Use: Potion            |       |     2 |     5 |     6 ||    13
       Scroll            |       |       |       |     5 ||     5
  Eat: Chunk             |     1 |     6 |    10 |       ||    17
       Royal jelly       |       |       |     3 |       ||     3
       Fruit             |       |       |     4 |       ||     4
       Meat ration       |       |       |       |     1 ||     1
Armor: Scale mail        |    72 |   201 |     7 |       ||   280
       Plate armour      |       |       |   269 |    76 ||   345
       Skin              |       |       |       |    44 ||    44
Dodge: Dodged            |    74 |   156 |   108 |    63 ||   401
